 Dungeon Crawl Stone Soup version 0.31-a0-152-g6aa68a64a1 (webtiles) character file.

Game seed: 13178681269780106453

117 mopl the Trooper (level 5, -2/33 HPs)
             Began as a Gargoyle Fighter on June 10, 2023.
             Slain by an orc
             ... wielding a +0 hand axe
              (4 damage)
             ... on level 3 of the Dungeon.
             The game lasted 00:01:44 (1532 turns).

mopl the Trooper (Gargoyle Fighter)                 Turns: 1532, Time: 00:01:44

Health: -2/33      AC: 12    Str: 19    XL:     5   Next: 1%
Magic:  5/5        EV:  9    Int:  9    God:
Gold:   145        SH:  4    Dex: 11    Spells: 4/4 levels left

rFire   . . .        a - +0 flail
rCold   . . .        c - +0 buckler
rNeg    + . .        b - +0 scale mail
rPois   ∞            (no helmet)
rElec   +            (no cloak)
rCorr   .            (no gloves)
SInv    .            i - +0 pair of boots
Will    .....        (no amulet) Stlth
                     (no ring)
HPRegen 0.25/turn    (no ring)
MPRegen 0.09/turn

%: no passive effects
@: no status effects
A: sickness immunity, AC +4, negative energy resistance 1, electricity
resistance, torment resistance 1, petrification resistance
a: no special abilities


You were on level 3 of the Dungeon.
You visited 1 branch of the dungeon, and saw 3 of its levels.

You collected 145 gold pieces.

Inventory:

Hand Weapons
 a - a +0 flail (weapon)
Missiles
 o - 5 poisoned darts
Armour
 b - a +0 scale mail (worn)
 c - a +0 buckler (worn)
 i - a +0 pair of boots (worn)
Scrolls
 e - 2 scrolls of amnesia {unknown}
 g - a scroll of magic mapping {unknown}
 h - a scroll of blinking {unknown}
 m - a scroll of teleportation {unknown}
 n - 3 scrolls of fog {unknown}
Potions
 d - 3 potions of might
 f - 2 potions of invisibility {unknown}
 j - 2 potions of heal wounds {unknown}
 k - a potion of curing {unknown}
 l - a potion of haste {unknown}


   Skills:
 + Level 4.0 Fighting
 * Level 3.5 Maces & Flails
 + Level 3.9 Armour
 + Level 1.3 Dodging
 - Level 3.2 Shields


You had 4 spell levels left.
You didn't know any spells.
Your spell library contained the following spells:

 Spells                   Type           Power      Damage    Failure   Level
 Necrotise                Necr           0%         1d4       83%         1
 Dazzling Flash           Conj/Hex       0%         N/A       99%         3
 Vampiric Draining        Necr           0%         2d6       99%         3
 Agony                    Necr           0%         N/A       100%        5
 Silence                  Hex/Air        0%         N/A       100%        5


Dungeon Overview and Level Annotations

Branches:
Dungeon (3/15)

Altars:


Innate Abilities, Weirdness & Mutations

You are immune to sickness and miasma.
Your stone body is resilient. (AC +4)
You are immune to poison.
You resist negative energy. (rN+)
You are resistant to electric shocks. (rElec)
You are resistant to unholy torment.
You are immune to petrification.


Message History

An orc comes into view. It is wielding a +0 trident.
The orc shouts!
You hit the orc but do no damage.
The orc hits you with a +0 short sword of electrocution.
The orc barely misses you.
You hit the orc but do no damage. The orc hits you but does no damage.
The orc hits you with a +0 hand axe.
You barely miss the orc. You barely miss the orc.
The orc hits you but does no damage.
You barely miss the orc. The orc hits you with a +0 war axe.
You closely miss the orc. You block the orc's attack.
You barely miss the orc. The orc barely misses you. The orc closely misses you.
You closely miss the orc. The orc hits you with a +0 war axe!
You sock the orc!
You kill the orc!
Your Fighting skill increases to level 4!
You have reached level 5!
You hit the orc but do no damage. The orc closely misses you.
You hit the orc.
The orc is moderately wounded.
You block the orc's attack. The orc hits you but does no damage.
The orc closely misses you.
The orc hits you from afar with a +0 trident.
* * * LOW HITPOINT WARNING * * *
You closely miss the orc.
The orc is moderately wounded.
The orc closely misses you.
The orc hits you from afar with a +0 trident.
* * * LOW HITPOINT WARNING * * *
You sock the orc!
You kill the orc!
The orc hits you from afar with a +0 trident.
* * * LOW HITPOINT WARNING * * *
Unknown command.
You hit the orc but do no damage. The orc hits you but does no damage. x2
You hit the orc but do no damage. The orc closely misses you. x2
The orc hits you from afar with a +0 trident.
* * * LOW HITPOINT WARNING * * *
The orc hits you with a +0 hand axe.
You die...

##.......# ....
........# #.##...
#......# #...... #
#......########..#...
##.#.......)).........##
.........†####...##...##
.>...............###....
...[###.###...........##
. #@# #.#.##........
##o##.....#.###....
#o.##.....#.# #....
#...........# #....
#........#....### #####
#........#....# #...
#........###### #...
#........# #...
#........# #..(


You could see 2 orcs.

Vanquished Creatures
  Natasha (D:3)
  A gnoll (D:1)
  3 adders (D:2)
  2 worms
  A dart slug (D:1)
  3 orcs (D:3)
  3 ball pythons
  3 endoplasms
  2 giant cockroaches (D:2)
  3 goblins
  4 hobgoblins
  2 jackals (D:2)
  2 quokkas
  5 bats
  3 frilled lizards
  4 kobolds
  3 rats
45 creatures vanquished.

Notes
Turn   | Place    | Note
-------+----------+-------------------------------------------
     0 | D:1      | mopl the Gargoyle Fighter began the quest for the Orb.
     0 | D:1      | Reached XP level 1. HP: 14/14 MP: 1/1
   106 | D:1      | Reached XP level 2. HP: 17/19 MP: 2/2
   406 | D:1      | Reached XP level 3. HP: 23/23 MP: 3/3
   578 | D:2      | Reached skill level 3 in Maces & Flails
   578 | D:2      | Reached skill level 1 in Dodging
   652 | D:2      | Reached XP level 4. HP: 28/29 MP: 4/4
  1328 | D:3      | Noticed Natasha
  1337 | D:3      | Killed Natasha
  1527 | D:3      | Reached skill level 4 in Fighting
  1527 | D:3      | Reached XP level 5. HP: 12/33 MP: 5/5
  1532 | D:3      | Slain by an orc

Illustrated notes

Levels and vault maps discovered:
D:1:      nicolae_arrival_memento_mori, layout_basic
D:2:      layout_loops_ring, minmay_crystal_room
D:3:      layout_rooms, nzn_wu_jian_council_hall, lemuel_doored_altar,
          uniq_natasha

Skill      XL: |  1  2  3  4 |
---------------+-------------+-----
Maces & Flails | 3 |  3.5
Dodging        | 1 |  1.3
Fighting       | 4 |  4.0
Armour         | |  3.9
Shields        | |  3.2

Action                     |  1- 3 |  4- 6 || total
---------------------------+-------+-------++-------
  Melee: Flail             |    86 |    76 ||   162
 Armour: Scale mail        |    49 |    35 ||    84
  Dodge: Dodged            |    50 |    43 ||    93
  Block: Buckler           |    21 |    15 ||    36

Table legend: (Time is in decaauts)
 A = Elapsed time spent in this place.
 B = Non-inter-level travel time spent in this place.
 C = Inter-level travel time spent in this place.
 D = Time resting spent in this place.
 E = Time spent auto-exploring this place.
 F = Levels seen in this place.
 G = Mean time per level.
                   A        B        C        D        E       F      G
               +--------+--------+--------+--------+--------+-----+--------+
         Total |   1591 |   1552 |     39 |     48 |   1117 |   3 |  530.3 |
       Dungeon |   1591 |   1552 |     39 |     48 |   1117 |   3 |  530.3 |
               +--------+--------+--------+--------+--------+-----+--------+

Top non-repeatable levels by time:
     D:2: 800 daAuts
     D:1: 511 daAuts
     D:3: 278 daAuts
